 Dungeon Crawl Stone Soup version 0.28.0-53-g5a82cb258f (webtiles) character file.

Game seed: 12265080889686777075

1760 hellbacon the Chiller (level 9, -4/75 HPs)
             Began as an Octopode Transmuter on June 15, 2022.
             Was a Follower of Cheibriados.
             Slain by a wyvern zombie (11 damage)
             ... on level 6 of the Dungeon.
             The game lasted 00:20:43 (6704 turns).

hellbacon the Chiller (Octopode Transmuter)         Turns: 6704, Time: 00:20:44

Health: -4/75      AC:  8    Str: 12    XL:     9   Next: 7%
Magic:  9/12       EV: 10    Int: 22    God:    Cheibriados [*.....]
Gold:   233        SH:  0    Dex: 16    Spells: 2/12 levels left

rFire   x . .      SeeInvis .     - Unarmed
rCold   + + +      Faith    .   (shield currently unavailable)
rNeg    . . .      Spirit   .   (helmet currently unavailable)
rPois   +          Reflect  .   (no amulet)
rElec   .          Harm     .   (no ring)
rCorr   .          Rampage  .   (no ring)
Will    .....                   (no ring)
Stlth   ++........              (no ring)
HPRegen 0.22/turn               (no ring)
MPRegen 0.13/turn               (no ring)
                                (no ring)
                                (no ring)

@: ice-form, wereblooded, very slow
A: freezing attack, boosted hp, almost no armour, amphibious, 8 rings, large,
(camouflage 1), (gelatinous body 1), (nimble swimmer 1), (tentacles), robust 1
a: End Transformation, Renounce Religion, Bend Time


You were on level 6 of the Dungeon.
You worshipped Cheibriados.
Cheibriados was aware of your devotion.
You were a creature of crystalline ice.
You visited 2 branches of the dungeon, and saw 8 of its levels.

You collected 233 gold pieces.

Inventory:

Missiles
 o - 11 poisoned darts
Wands
 d - a wand of charming (5)
Scrolls
 c - a scroll of silence {unknown}
 m - 2 scrolls of vulnerability
 R - a scroll of torment
 Y - a scroll of holy word {!r!d}
Potions
 a - a potion of degeneration
 b - a potion of cancellation {unknown}
 e - a potion of curing {unknown}
 f - a potion of brilliance {unknown}
 k - a potion of might {unknown}
 l - 3 potions of lignification {!d}
 U - a potion of mutation {!d}


   Skills:
 * Level 4.0 Fighting
 - Level 2.0 Dodging
 - Level 1.0 Stealth
 * Level 5.0 Unarmed Combat
 - Level 2.0 Spellcasting
 - Level 6.3 Transmutations
 * Level 7.5 Ice Magic
 - Level 1.0 Evocations


You had 2 spell levels left.
You knew the following spells:

 Your Spells              Type           Power      Damage    Failure   Level
a - Beastly Appendage     Tmut           58%        N/A       1%          1
b - Wereblood             Tmut           29%        N/A       1%          2
c - Spider Form           Tmut/Pois      16%        N/A       12%         3
d - Ice Form              Ice/Tmut       32%        N/A       9%          4

Your spell library contained the following spells:

 Spells                   Type           Power      Damage    Failure   Level
 Sting                    Tmut/Pois      64%        1d6       3%          1
 Poisonous Vapours        Pois/Air       4%         N/A       21%         2
 Olgreb's Toxic Radiance  Pois           2%         N/A       80%         4


Dungeon Overview and Level Annotations

Branches:
Dungeon (7/15)             Temple (1/1) D:4

Altars:
Cheibriados
Fedhas
Makhleb
Nemelex Xobeh
Sif Muna
Uskayaw

Shops:
D:4 =

Annotations:
D:5 Duvessa, Ijyb


Innate Abilities, Weirdness & Mutations

You are a creature of crystalline ice.
You have a powerful freezing melee attack.
Your maximum health is increased.
Your armour is entirely melded.
You are incapable of wielding weapons or throwing items.
You cannot wear most types of armour.
You are amphibious.
You can wear up to eight rings at the same time.
((Your skin changes colour to match your surroundings (Stealth+).))
((Your rubbery body absorbs attacks. (AC +1, EV +1)))
((You are camouflaged when in or above water. (Stealth+)))
((You have tentacles for arms and can constrict up to eight enemies at once.))
You are robust. (+10% HP)


Message History

The orc priest hits you but does no damage.
The orc barely misses you. The orc wizard closely misses you.
The orc wizard hits you but does no damage.
The orc hits you from afar with a +0 trident.
You climb downwards.
The wyvern zombie bites you!
The wyvern zombie bites you but does no damage.
There is a stone staircase leading up here.
You hit the orc wizard. You freeze the orc wizard.
The orc wizard is heavily wounded.
The orc priest calls upon Beogh to heal the orc wizard.
The orc wizard is healed somewhat.
The wyvern zombie bites you but does no damage.
The orc hits you but does no damage.
The orc wizard hits you but does no damage.
You hit the orc wizard but do no damage.
The orc wizard is lightly wounded.
The wyvern zombie barely misses you.
The orc wizard gestures wildly while chanting.
The orc wizard flickers and vanishes!
Deactivating autopickup; reactivate with Ctrl-A.
The orc priest hits you but does no damage.
The orc closely misses you.
Casting: Ice Form (dangerous; 9% risk of failure)
Confirm with . or Enter, or press ? or * to list all spells.
Your blood is infused with primal strength.
The wyvern zombie bites you!
The orc wizard hits you but does no damage.
The orc hits you but does no damage. The wyvern zombie bites you!
* * * LOW HITPOINT WARNING * * *
You punch the orc priest! You freeze the orc priest.
The orc priest is severely wounded.
The orc wizard barely misses you. The orc hits you but does no damage.
The wyvern zombie bites you but does no damage.
You hit the orc wizard. You freeze the orc wizard.
The orc wizard is moderately wounded.
The orc priest calls down the wrath of Beogh upon you.
Beogh smites you!
* * * LOW HITPOINT WARNING * * *
The wyvern zombie bites you!
You die...

≈≈≈≈≈≈≈≈≈≈≈≈≈≈≈≈≈≈≈≈≈≈≈≈≈
≈≈≈≈≈≈≈≈≈≈P.≈≈≈≈≈≈≈≈≈≈≈P
≈≈≈≈≈≈≈≈≈≈≈≈≈≈≈≈≈≈.≈.≈≈≈
######≈≈..≈≈..≈......≈≈≈.....
#####............................
.#.......##..............#.......
.#......##................#.##...
#.....<........Zo.o.......#..#...
###.#..........#Yo.####......#...
##.........# ##### #..)##....#
#......#... #.....>..## .......#
.. ##..###.## #.....!.. l
##..#### .........# #...#
.........## #..## ####


You could see an orc priest, an orc wizard, an orc and a wyvern zombie.

Vanquished Creatures
  Menkaure (D:5)
  An ice beast (D:6)
  A black bear (D:7)
  2 sky beasts
  2 necrophages (D:4)
  2 ogres
  A phantom (D:6)
  A centaur (D:7)
  A kobold brigand (D:6)
  Dowan (D:5)
  A howler monkey (D:4)
  3 orc priests
  2 hounds
  A jelly (D:6)
  2 bullfrog skeletons
  2 iguanas
  An orc wizard (D:6)
  A killer bee zombie (D:7)
  A hound skeleton (D:4)
  3 adders
  An ufetubus (D:4)
  A worm (D:4)
  3 dart slugs
  8 orcs
  5 bats
  5 endoplasms
  A giant cockroach (D:4)
  5 goblins
  6 hobgoblins
  4 jackals (D:1)
  7 kobolds
  3 quokkas (D:1)
  5 ball pythons (D:1)
  3 frilled lizards
  5 rats (D:1)
92 creatures vanquished.

Vanquished Creatures (collateral kills)
  Eustachio (D:5)
  An orc priest (D:6)
2 creatures vanquished.

Vanquished Creatures (others)
  11 plants (D:6)
11 creatures vanquished.

Grand Total: 105 creatures vanquished

Notes
Turn   | Place    | Note
-------+----------+-------------------------------------------
     0 | D:1      | hellbacon the Octopode Transmuter began the quest for the
                  | Orb.
     0 | D:1      | Reached XP level 1. HP: 13/13 MP: 3/3
   197 | D:1      | Reached XP level 2. HP: 16/18 MP: 3/5
   495 | D:1      | Reached XP level 3. HP: 15/24 MP: 4/6
  1329 | D:2      | Found a faded altar of an unknown god.
  1697 | D:3      | Reached XP level 4. HP: 24/30 MP: 5/7
  2327 | D:4      | Noticed a necrophage
  2542 | D:4      | Noticed a necrophage
  2697 | D:4      | Killed a necrophage
  2698 | D:4      | Reached XP level 5. HP: 14/37 MP: 6/8
  2973 | D:4      | Found a staircase to the Ecumenical Temple.
  2988 | Temple   | Entered the Ecumenical Temple
  2999 | Temple   | Became a worshipper of Cheibriados the Contemplative
  3117 | D:4      | Reached XP level 6. HP: 28/43 MP: 7/9
  3487 | D:4      | Killed a necrophage
  3538 | D:4      | Learned a level 2 spell: Wereblood
  3542 | D:4      | Found Jekicluv's Jewellery Shop.
  3587 | D:4      | Reached XP level 7. HP: 43/48 MP: 10/10
  3888 | D:5      | Entered Level 5 of the Dungeon
  3888 | D:5      | Noticed Menkaure
  4022 | D:5      | Killed Menkaure
  4038 | D:5      | Reached skill level 1 in Ice Magic
  4040 | D:5      | Noticed Eustachio
  4078 | D:5      | Killed Eustachio
  4079 | D:5      | Reached skill level 2 in Ice Magic
  4241 | D:4      | Learned a level 3 spell: Spider Form
  4266 | D:5      | Reached skill level 3 in Ice Magic
  4266 | D:5      | Reached XP level 8. HP: 54/54 MP: 7/11
  4338 | D:5      | Noticed Dowan
  4472 | D:5      | Noticed Duvessa
  4517 | D:4      | Learned a level 4 spell: Ice Form
  4528 | D:5      | Killed Dowan
  5179 | D:5      | Gained mutation: You are robust. (+10% HP) [potion of
                  | mutation]
  5470 | D:5      | Noticed Ijyb
  5536 | D:6      | Reached * piety under Cheibriados
  5537 | D:6      | Reached skill level 4 in Ice Magic
  5765 | D:6      | Reached skill level 5 in Ice Magic
  6090 | D:6      | Reached skill level 6 in Ice Magic
  6203 | D:6      | You fall into a shaft and drop 1 floor!
  6213 | D:7      | Reached skill level 7 in Ice Magic
  6213 | D:7      | Reached XP level 9. HP: 9/63 MP: 7/12
  6704 | D:6      | Slain by a wyvern zombie

Illustrated notes

Levels and vault maps discovered:
D:1:      onia_arrival_handbag, layout_basic
D:2:      layout_rooms, ebering_ecumenical_altar_hall,
          chequers_serial_rivers_micro_b, kennysheep_generic_room_12
D:3:      layout_basic
D:4:      layout_cave_pools, minmay_temple_entry_mist, serial_shops,
          nicolae_take_the_stairs, serial_rivers, chequers_serial_rivers_room_b,
          chequers_serial_rivers_small_3, chequers_serial_rivers_small_a,
          chequers_serial_rivers_room_b, minmay_curled_crystal
D:5:      layout_cave_pools, serial_shops, nicolae_shop_crystal, uniq_eustachio,
          uniq_menkaure, uniq_ijyb, uniq_duvessa
D:6:      layout_cave_pools, chequers_big_river, serial_bayou_ford_a
D:7:      layout_basic, chequers_serial_rivers_small_a,
          hangedman_decor_opposing, grunt_decor_arrowhead, minmay_hedge_maze,
          patterned_corridor, uniq_crazy_yiuf_cottage
Temple:   nicolae_temple_the_god_donut

Skill      XL: |  1  2  3  4  5  6  7  8 |
---------------+-------------------------+-----
Stealth        | 1 |  1.0
Fighting       | 2 3 4 |  4.0
Evocations     | 1 |  1.0
Unarmed Combat | 4 5 |  5.0
Transmutations | 4 5 6 |  6.3
Ice Magic      | 3 7 |  7.5
Dodging        | |  2.0
Spellcasting   | |  2.0

Action                   |  1- 3 |  4- 6 |  7- 9 || total
-------------------------+-------+-------+-------++-------
Melee: Unarmed           |    73 |    64 |   112 ||   249
       Constrict         |    23 |    16 |     5 ||    44
       Kick              |    17 |    27 |     4 ||    48
       Tentacles         |    15 |    17 |     5 ||    37
       Punch             |     1 |     2 |       ||     3
 Cast: Beastly Appendage |    19 |    21 |     9 ||    49
       Spider Form       |       |       |     1 ||     1
       Ice Form          |       |       |    19 ||    19
       Wereblood         |       |       |     1 ||     1
Evoke: Wand              |       |     1 |    16 ||    17
  Use: Potion            |       |       |     8 ||     8
       Scroll            |       |       |     8 ||     8
 Stab: Sleeping          |     7 |       |     1 ||     8
       Paralysed         |       |       |     4 ||     4
       Invisible         |       |       |     1 ||     1
Armor: Skin              |     4 |     6 |    47 ||    57
Dodge: Dodged            |    40 |    33 |    78 ||   151
